 Dungeon Crawl Stone Soup version 0.30-b1-7-gcb88a99046 (webtiles) character file.

Game seed: 2025570424682251201

37200 workbot the Warrior (level 14, -2/123 HPs)
             Began as a Human Fighter on May 4, 2023.
             Was the Champion of Jiyva.
             Slain by a 14-headed hydra (4 damage)
             ... on level 3 of the Lair of Beasts on May 5, 2023.
             The game lasted 00:45:25 (12873 turns).

workbot the Warrior (Human Fighter)                Turns: 12873, Time: 00:45:27

Health: -2/123     AC: 24    Str: 20    XL:     14   Next: 27%
Magic:  23/23      EV:  9    Int: 15    God:    Jiyva [******]
Gold:   1287       SH:  7    Dex: 22    Spells: 13/13 levels left

rFire   + + .        a - +4 long sword "Denuhy" {heavy, rPois rN+ Str-2}
rCold   x . .        c - +0 buckler
rNeg    + + .        x - +1 fire dragon scales of Death's Door {-Tele rElec rF++ rC- Will+ MP+9}
rPois   +            z - +2 helmet {SInv}
rElec   +            t - +4 cloak of the Swamp {Will+ Str+2 Slay-4}
rCorr   +            g - +2 pair of gloves of Sloth {Dex+2}
SInv    +            (no boots)
Will    +++..        (no amulet)
Stlth   +            i - ring of positive energy
HPRegen 2.00/turn    k - +6 ring of dexterity
MPRegen 0.68/turn

%: no teleportation
@: no status effects
A: agile 1, clever 2, translucent skin 3, evolution 2, jelly sensing items,
MP-powered wands
a: Renounce Religion, Oozemancy, Slimify


You were on level 3 of the Lair of Beasts.
You worshipped Jiyva.
Jiyva was exalted by your worship.
You visited 2 branches of the dungeon, and saw 15 of its levels.
You also visited: Sewer, Bailey and Volcano.

You collected 1719 gold pieces.
You spent 432 gold pieces at shops.

Inventory:

Hand Weapons
 a - the +4 long sword "Denuhy" (weapon) {heavy, rPois rN+ Str-2}
   (You found it on level 4 of the Dungeon)

   Str:       It affects your strength (-2).
   rPois:     It protects you from poison.
   rN:        It protects you from negative energy.
Armour
 c - a +0 buckler (worn)
 g - the +2 pair of gloves of Sloth (worn) {Dex+2}
   (You bought it in a shop on level 4 of the Dungeon)

   Dex:       It affects your dexterity (+2).
 t - the +4 cloak of the Swamp (worn) {Will+ Str+2 Slay-4}
   (You bought it in a shop on level 4 of the Dungeon)

   Str:       It affects your strength (+2).
   Slay:      It affects your accuracy & damage with ranged weapons and melee
   (-4).
   Will:      It increases your willpower.
 x - the +1 fire dragon scales of Death's Door (worn) {-Tele rElec rF++ rC- Will+ MP+9}
   (You found it in a bailey)

   rF:        It greatly protects you from fire.
   rC:        It makes you vulnerable to cold.
   rElec:     It insulates you from electricity.
   MP:        It affects your magic capacity (+9).
   -Tele:     It prevents most forms of teleportation.
   Will:      It increases your willpower.
 z - a +2 helmet of see invisible (worn)
Jewellery
 d - a ring of protection from fire
 i - a ring of positive energy (left hand)
 k - a +6 ring of dexterity (right hand)
 l - a ring of protection from cold
Scrolls
 b - 2 scrolls of enchant weapon
 e - a scroll of amnesia
 h - a scroll of identify
 n - 6 scrolls of teleportation
Potions
 f - 2 potions of curing
 o - a potion of haste
 p - a potion of lignification
 r - a potion of might
 u - a potion of ambrosia


   Skills:
 * Level 15.0 Fighting
 - Level 14.0 Long Blades
 + Level 9.3 Armour
 + Level 9.6 Shields


You had 13 spell levels left.
You didn't know any spells.
Your spell library contained the following spells:

 Spells                   Type           Power      Damage    Failure   Level
 Magic Dart               Conj           0%         1d3       67%         1
 Necrotise                Necr           0%         1d4       67%         1
 Searing Ray              Conj           0%         2d4       80%         2
 Vampiric Draining        Necr           0%         2d6       95%         3
 Fulminant Prism          Conj/Hex       0%         3d5       100%        4
 Passage of Golubria      Tloc           0%         N/A       100%        4
 Agony                    Necr           0%         N/A       100%        5
 Silence                  Hex/Air        0%         N/A       100%        5
 Lehudib's Crystal Spear  Conj/Erth      0%         10d2      100%        8


Dungeon Overview and Level Annotations

Branches:
Dungeon (12/15)            Temple (0/1) D:4            Lair (3/5) D:11
  Swamp (0/4) Lair:3        Snake (0/4) Lair:3          Orc (0/2) D:12
  Sewer (visited)          Bailey (visited)         Volcano (visited)

Altars:
Elyvilon
Kikubaaqudgha
Wu Jian
Xom

Shops:
D:4 [   D:6 (?!   D:7 (   D:8 *   D:9 [[


Innate Abilities, Weirdness & Mutations

You are agile. (Dex +4, Str/Int -1)
Your mind is very acute. (Int +8, Str/Dex -2)
Your transparent skin significantly reduces your foes' accuracy. (Stealth+)
You have great hidden genetic potential.
You have a small jelly attached to you that senses nearby items.
You expend magic power (3 MP) to strengthen your wands.


Message History

You block the 14-headed hydra's attack.
The 14-headed hydra bites you but does no damage.
The 14-headed hydra attacks as you move away!
The 14-headed hydra bites you.
* * * LOW HITPOINT WARNING * * *
You block the 14-headed hydra's attack.
The 14-headed hydra bites you but does no damage.
The 14-headed hydra bites you.
* * * LOW HITPOINT WARNING * * *
The 14-headed hydra bites you.
* * * LOW HITPOINT WARNING * * *
The 14-headed hydra bites you but does no damage.
You block the 14-headed hydra's attack.
The 14-headed hydra bites you but does no damage. x2
The 14-headed hydra closely misses you.
The 14-headed hydra bites you but does no damage. x2
The 14-headed hydra closely misses you. You block the 14-headed hydra's attack.
The 14-headed hydra attacks as you move away!
The 14-headed hydra bites you but does no damage. x2
You block the 14-headed hydra's attack. The 14-headed hydra bites you.
* * * LOW HITPOINT WARNING * * *
The 14-headed hydra bites you but does no damage.
The 14-headed hydra bites you.
* * * LOW HITPOINT WARNING * * *
The 14-headed hydra bites you but does no damage. x2
The 14-headed hydra barely misses you.
The 14-headed hydra bites you but does no damage.
The 14-headed hydra bites you!
* * * LOW HITPOINT WARNING * * *
The 14-headed hydra bites you but does no damage.
You block the 14-headed hydra's attack.
The 14-headed hydra bites you but does no damage.
The 14-headed hydra attacks as you move away!
The 14-headed hydra closely misses you. The 14-headed hydra misses you.
The 14-headed hydra bites you.
* * * LOW HITPOINT WARNING * * *
You block the 14-headed hydra's attack.
The 14-headed hydra bites you but does no damage.
The 14-headed hydra bites you.
You die...

#......................
#......................
##......................
#.........##.#.......###
#....>.^.#####.......##.
##.......# ........###
##.......# #.......#
#........# #.......#
#......@.### #.......#
#......D.#.##........# #
#.........#.#........###
#.#......................
##.......................
##......................
#.....?................
#.................).....
#.....................[.


You could see a 14-headed hydra.

Vanquished Creatures
  A fire dragon (Volcano)
  An ice dragon (Lair:2)
  A catoblepas (Lair:2)
  3 boulder beetles (D:11)
  6 two-headed ogres
  Urug (D:10)
  A skyshark (Lair:2)
  An orc knight (Bailey)
  Pikel (D:4)
  An oklob plant (Lair:2)
  6 elephants (Lair:2)
  3 salamanders (Volcano)
  4 black mambas
  An ice statue (Lair:2)
  9 cane toads
  A freezing wraith (Lair:2)
  Maggie (D:7)
  2 rime drakes
  8 komodo dragons
  2 kobold demonologists
  2 ice devils (Lair:2)
  2 trolls (D:11)
  2 polar bears (Lair:2)
  3 blink frogs (Lair:3)
  Sigmund (D:4)
  27 yaks
  7 wyverns
  5 fire bats (Volcano)
  A shadow (D:11)
  Eustachio (D:4)
  A wraith (D:6)
  2 basilisks
  Edmund (D:4)
  4 steam dragons
  2 wargs (D:11)
  A harpy simulacrum (Lair:2)
  18 water moccasins
  12 orc warriors
  4 black bears
  7 centaurs
  6 ogres
  2 phantoms (D:7)
  6 kobold brigands
  2 gnoll sergeants
  12 bullfrogs
  2 scorpions
  A cane toad simulacrum (Lair:2)
  An elephant simulacrum (Lair:2)
  4 killer bees (D:9)
  2 electric eels (Lair:1)
  4 howler monkeys
  2 hounds
  8 orc priests
  3 jellies
  Terence (D:3)
  2 sleepcaps
  Crazy Yiuf (D:2)
  2 iguanas
  Natasha (twice) (D:2)
  13 orc wizards
  A polar bear simulacrum (Lair:2)
  Robin (D:3)
  11 gnolls
  A naga simulacrum (Lair:2)
  2 river rats
  2 adders
  2 shadow imps
  2 white imps
  3 ufetubi
  2 dart slugs (D:2)
  46 orcs
  10 ball pythons
  7 bats
  2 endoplasms
  6 giant cockroaches
  7 hobgoblins
  4 jackals (D:3)
  4 quokkas
  A training dummy (D:7)
  6 frilled lizards
  11 goblins
  19 kobolds
  9 rats
  A butterfly (D:4)
393 creatures vanquished.

Vanquished Creatures (collateral kills)
  A cyclops (D:12)
  An anaconda simulacrum (Lair:2)
  A troll (D:12)
  An orc priest (D:11)
  An orc wizard (D:12)
  An orc (D:11)
6 creatures vanquished.

Vanquished Creatures (others)
  A kobold demonologist (D:12)
  A troll (D:12)
  2 slime creatures (D:12)
  A basilisk (Lair:2)
  A yak (D:11)
  A water moccasin (Lair:2)
  A centaur (D:8)
  A wolf (D:11)
  A scorpion (D:7)
  A hound (D:3)
  2 orc priests
  35 jellies
  An iguana (D:5)
  3 orc wizards
  Ijyb (D:4)
  A spriggan simulacrum (Lair:2)
  An adder (D:5)
  3 gnolls
  A white imp (D:7)
  2 ufetubi (D:11)
  9 orcs
  2 endoplasms
  4 goblins (D:7)
  A hobgoblin (D:3)
  2 training dummies (D:7)
  4 kobolds (D:7)
  A demonic plant (D:2)
  28 fungi
  114 plants
  3 withered plants (D:2)
229 creatures vanquished.

Grand Total: 628 creatures vanquished

Notes
Turn   | Place    | Note
-------+----------+-------------------------------------------
     0 | D:1      | workbot the Human Fighter began the quest for the Orb.
     0 | D:1      | Reached XP level 1. HP: 18/18 MP: 1/1
   290 | D:1      | Reached XP level 2. HP: 2/24 MP: 2/2
  1049 | D:2      | Reached XP level 3. HP: 27/29 MP: 3/3
  1148 | D:2      | Noticed Natasha
  1158 | D:2      | Killed Natasha
  1159 | D:2      | Reached XP level 4. HP: 22/35 MP: 4/4
  1232 | D:2      | Found a faded altar of an unknown god.
  1382 | D:2      | Noticed Natasha
  1394 | D:2      | Killed Natasha
  1563 | D:2      | Found a runed translucent door.
  1564 | D:2      | Noticed Crazy Yiuf
  1570 | D:2      | Killed Crazy Yiuf
  1571 | D:2      | Reached XP level 5. HP: 42/42 MP: 5/5
  2160 | D:3      | Reached skill level 5 in Long Blades
  2178 | D:3      | Found a glowing drain.
  2180 | D:3      | Reached XP level 6. HP: 48/48 MP: 6/6
  2205 | Sewer    | Entered a sewer
  2329 | Sewer    | Reached skill level 4 in Fighting
  2359 | Sewer    | Found a viscous altar of Jiyva.
  2378 | Sewer    | Became a worshipper of Jiyva Juheloso the Shapeless
  2527 | D:3      | Found a white marble altar of Elyvilon.
  2544 | D:3      | Noticed Terence
  2549 | D:3      | Killed Terence
  2701 | D:3      | Reached * piety under Jiyva
  2811 | D:3      | Noticed Robin
  2828 | D:3      | Killed Robin
  3125 | D:4      | Noticed Eustachio
  3148 | D:4      | Killed Eustachio
  3149 | D:4      | Reached XP level 7. HP: 34/54 MP: 7/7
  3167 | D:4      | Found Ezig's Antique Armour Emporium.
  3175 | D:4      | Bought a shimmering cloak for 171 gold pieces
  3175 | D:4      | Identified the +4 cloak of the Swamp {Will+ Str+2 Slay-4}
                  | (You bought it in a shop on level 4 of the Dungeon)
  3266 | D:4      | Found a staircase to the Ecumenical Temple.
  3298 | D:4      | Noticed Pikel
  3337 | D:4      | Killed Pikel
  3338 | D:4      | Reached XP level 8. HP: 33/61 MP: 8/8
  3389 | D:4      | Noticed Sigmund
  3397 | D:4      | Killed Sigmund
  3459 | D:4      | Noticed Edmund
  3483 | D:4      | Killed Edmund
  3484 | D:4      | Reached skill level 10 in Long Blades
  3484 | D:4      | Reached XP level 9. HP: 28/67 MP: 9/9
  3626 | D:4      | Reached ** piety under Jiyva
  3722 | D:4      | Found an ornate altar of the Wu Jian Council.
  3884 | D:4      | Killed Ijyb
  4024 | D:5      | Entered Level 5 of the Dungeon
  4119 | D:4      | Identified the +4 long sword "Denuhy" {heavy, rPois rN+
                  | Str-2}
  4250 | D:5      | Reached skill level 5 in Fighting
  4387 | D:5      | Found an ancient bone altar of Kikubaaqudgha.
  4793 | D:6      | Found Neang's Magic Scroll Boutique.
  4806 | D:6      | Bought a scroll of enchant armour for 90 gold pieces
  4842 | D:6      | Reached *** piety under Jiyva
  4952 | D:6      | Found Moc Nar's Distillery.
  5146 | D:6      | Found Rapoyloc's Antique Weapon Emporium.
  5492 | D:7      | Gained mutation: You are agile. (Dex +4, Str/Int -1)
                  | [Jiyva's grace]
  5492 | D:7      | Gained mutation: You are very agile. (Dex +8, Str/Int -2)
                  | [Jiyva's grace]
  5492 | D:7      | Gained mutation: You have a small jelly attached to you
                  | that senses nearby items. [Jiyva's grace]
  5492 | D:7      | Gained mutation: Your mind is acute. (Int +4, Str/Dex -1)
                  | [Jiyva's grace]
  5501 | D:7      | Noticed a two-headed ogre
  5510 | D:7      | Killed a two-headed ogre
  5511 | D:7      | Reached skill level 6 in Fighting
  5511 | D:7      | Reached XP level 10. HP: 29/76 MP: 10/10
  5653 | D:7      | Found a flagged portal.
  5662 | D:7      | Noticed Maggie
  5689 | D:7      | Paralysed by Maggie for 4 turns
  5693 | D:7      | Killed Maggie
  5699 | Bailey   | Entered a bailey
  5856 | Bailey   | Noticed an orc knight
  5924 | Bailey   | Killed an orc knight
  5925 | Bailey   | Reached skill level 7 in Fighting
  5996 | Bailey   | Identified the +1 fire dragon scales of Death's Door {-Tele
                  | rElec rF++ rC- Will+ MP+9}
  6183 | D:7      | Reached **** piety under Jiyva
  6316 | D:7      | Found Gefof's Firing Range.
  6691 | D:7      | Upgraded the game from 0.30-b1-5-g8e6c1be481 to
                  | 0.30-b1-7-gcb88a99046
  6693 | D:8      | Identified the +9 dagger of the Vaults {freeze, Will+}
  6746 | D:8      | Identified the +0 helmet "Posenyl" {rPois}
  6837 | D:8      | Reached XP level 11. HP: 72/84 MP: 11/11
  7007 | D:8      | Reached skill level 8 in Fighting
  7015 | D:8      | Found Soemec's Assorted Antiques.
  7123 | D:9      | Found Ilo Lidu's Armour Boutique.
  7650 | D:9      | Found Mafyupt's Antique Armour Emporium.
  7683 | D:9      | Gained mutation: You expend magic power (3 MP) to
                  | strengthen your wands. [Jiyva's grace]
  7683 | D:9      | Gained mutation: Your translucent skin slightly reduces
                  | your foes' accuracy. (Stealth+) [Jiyva's grace]
  7683 | D:9      | Gained mutation: Your translucent skin reduces your foes'
                  | accuracy. (Stealth+) [Jiyva's grace]
  7683 | D:9      | Gained mutation: Your transparent skin significantly
                  | reduces your foes' accuracy. (Stealth+) [Jiyva's grace]
  7823 | D:10     | Entered Level 10 of the Dungeon
  7823 | D:10     | Reached ***** piety under Jiyva
  7849 | D:10     | Lost mutation: Your mind is acute. (Int +4, Str/Dex -1) [a
                  | neqoxec]
  7852 | D:10     | Reached skill level 9 in Fighting
  7895 | D:10     | Noticed Urug
  7943 | D:10     | Killed Urug
  8319 | D:10     | You fall into a shaft and drop 1 floor!
  8364 | D:11     | Noticed a boulder beetle
  8395 | D:11     | Noticed a boulder beetle
  8439 | D:12     | Noticed a cyclops
  8447 | D:12     | Reached skill level 10 in Fighting
  8453 | D:12     | Killed a cyclops
  8454 | D:12     | Reached skill level 5 in Armour
  8454 | D:12     | Reached skill level 5 in Shields
  8618 | D:12     | Found a staircase to the Orcish Mines.
  8741 | D:12     | Noticed a sun demon
  8891 | D:10     | Found a shimmering altar of Xom.
  8899 | D:10     | Noticed a two-headed ogre
  8913 | D:10     | Killed a two-headed ogre
  8914 | D:10     | Reached XP level 12. HP: 91/98 MP: 12/12
  8998 | D:10     | Noticed a two-headed ogre
  9007 | D:10     | Killed a two-headed ogre
  9094 | D:11     | Noticed a boulder beetle
  9139 | D:11     | Killed a boulder beetle
  9158 | D:11     | Reached skill level 11 in Fighting
  9231 | D:11     | Found a staircase to the Lair.
  9259 | D:11     | Killed a boulder beetle
  9336 | D:11     | Killed a boulder beetle
  9673 | D:11     | Identified a scroll of acquirement
  9674 | D:11     | Acquired 796 gold pieces
  9828 | D:4      | Bought a pair of ancient gloves for 171 gold pieces
  9828 | D:4      | Identified the +2 pair of gloves of Sloth {Dex+2} (You
                  | bought it in a shop on level 4 of the Dungeon)
  9971 | Lair:1   | Entered Level 1 of the Lair of Beasts
  9983 | Lair:1   | Reached ****** piety under Jiyva
 10074 | Lair:1   | Reached skill level 12 in Fighting
 10197 | Lair:1   | Identified the +2 robe "Imodoy" {Rampage rF+ Str+9 Dex-4}
 10309 | Lair:1   | Lost mutation: You are very agile. (Dex +8, Str/Int -2)
                  | [Jiyva's grace]
 10309 | Lair:1   | Gained mutation: Your mind is acute. (Int +4, Str/Dex -1)
                  | [Jiyva's grace]
 10309 | Lair:1   | Gained mutation: Your mind is very acute. (Int +8, Str/Dex
                  | -2) [Jiyva's grace]
 10309 | Lair:1   | Gained mutation: You have hidden genetic potential.
                  | [Jiyva's grace]
 10309 | Lair:1   | Gained mutation: You have great hidden genetic potential.
                  | [Jiyva's grace]
 10494 | Lair:1   | Reached XP level 13. HP: 105/109 MP: 13/13
 10994 | Lair:2   | Reached skill level 13 in Fighting
 11177 | Lair:2   | Noticed an ice dragon
 11265 | Lair:2   | Found a dark tunnel.
 11271 | Volcano  | Entered a volcano
 11564 | Volcano  | Reached skill level 14 in Fighting
 11617 | Volcano  | Noticed a fire dragon
 11631 | Volcano  | Killed a fire dragon
 12102 | Lair:2   | Killed an ice dragon
 12173 | Lair:2   | Reached XP level 14. HP: 37/121 MP: 14/14
 12644 | Lair:3   | Found a staircase to the Swamp.
 12660 | Lair:3   | Found a staircase to the Snake Pit.
 12832 | Lair:3   | Reached skill level 15 in Fighting
 12872 | Lair:3   | HP: 1/123 [14-headed hydra (10)]
 12873 | Lair:3   | Slain by a 14-headed hydra

Illustrated notes

Levels and vault maps discovered:
D:1:      lightli_arrival_statue_moat, layout_basic, serial_corexii_hall,
          corexii_hall_statues_i, chequers_hall_statues_corner_a
D:2:      layout_rooms, shapermc_ecumenical_altar_gd, minmay_circle_x,
          uniq_crazy_yiuf_cottage, uniq_natasha
D:3:      layout_loops_corners, lemuel_round_altar, portal_sewer_entry_b,
          minmay_liquid_box, uniq_terence, uniq_robin
D:4:      layout_basic, nicolae_wu_jian_glorious_leap,
          minmay_temple_entry_butterflies, serial_shops, nicolae_shop_crystal,
          nicolae_eternal_life, uniq_pikel, uniq_edmund, uniq_ijyb,
          uniq_eustachio, uniq_sigmund
D:5:      layout_gridville, lemuel_doored_altar
D:6:      layout_loops_ring, serial_shops, shop, shop, nicolae_take_the_stairs,
          minmay_microvault
D:7:      minmay_skewed_foursquare, layout_basic, minitemple, enter_bailey_5,
          nicolae_shop_firing_range, uniq_maggie
D:8:      layout_rooms, serial_shops, nicolae_shop_back_alley_shop
D:9:      layout_loops_cross, serial_shops, shop, nicolae_stop_n_shop_2
D:10:     layout_cross, serial_park, serial_park_tiny_1, serial_park_paths
          [serial_park_minivault_5x5_7], serial_park_tiny_2, serial_park_gazebo
          [serial_park_minivault_5x5_8], uniq_urug
D:11:     layout_loops_ring, erik_lair_orcish_takeover, serial_ice,
          serial_ice_a, serial_ice_f, serial_ice_m, serial_ice_e,
          roderic_batcave, corner_web_ring
D:12:     layout_long_grid, hiddenorc1_lemuel
Lair:1:   layout_regular_city, chequers_serial_rivers_room_a,
          grunt_megastairs_1, serial_bayou_shore_b, infiniplex_staircase_pool_2,
          serial_bayou_shore_a
Lair:2:   dreamdust_isle_of_ice, layout_chaotic_city, enter_volcano_2,
          st_stairs_7, chequers_serial_rivers_micro_c,
          grunt_forest_small_clearing_treed
Lair:3:   layout_big_grid, swamp_mist, minmay_snake_entry_six_corridors

Skill      XL: |  1  2  3  4  5  6  7  8  9 10 11 12 13 14 |
---------------+-------------------------------------------+-----
Long Blades    | 3 4 5 6 8 10 12 14 | 14.0
Fighting       | 4 6 7 10 12 14 15 | 15.0
Armour         | 5 7 8 9 |  9.3
Shields        | 5 7 9 |  9.6

Action                     |  1- 3 |  4- 6 |  7- 9 | 10-12 | 13-15 || total
---------------------------+-------+-------+-------+-------+-------++-------
  Melee: Long sword        |    77 |   180 |   136 |   646 |   392 ||  1431
         Falchion          |       |       |    65 |       |       ||    65
 Invoke: Oozemancy         |       |       |       |     1 |       ||     1
    Use: Scroll            |     1 |     2 |     7 |    10 |       ||    20
         Potion            |       |     1 |     4 |     2 |     3 ||    10
   Stab: Distracted        |       |       |       |     1 |       ||     1
         Sleeping          |       |       |       |     1 |       ||     1
 Armour: Scale mail        |    37 |   120 |    73 |       |       ||   230
         Chain mail        |       |       |    46 |    84 |       ||   130
         Fire dragon scale |       |       |       |   303 |   440 ||   743
         Skin              |       |       |       |       |     7 ||     7
  Dodge: Dodged            |    37 |    97 |   107 |   309 |   321 ||   871
  Block: Buckler           |    16 |    57 |    68 |   278 |   227 ||   646
